 Dungeon Crawl Stone Soup version 0.30.0-20-g3615ddf2f0 (webtiles) character file.

Game seed: 4429025274823156137

23450 qw the Cleaver (level 13, -1/82 HPs)
             Began as a Gargoyle Fighter on May 29, 2023.
             Was an Elder of Okawaru.
             Slain by a five-headed hydra (5 damage)
             ... on level 5 of the Lair of Beasts.
             The game lasted 00:07:24 (11929 turns).

qw the Cleaver (Gargoyle Fighter)                  Turns: 11929, Time: 00:07:25

Health: -1/82      AC: 35    Str: 30    XL:     13   Next: 6%
Magic:  19/20      EV: 10    Int:  7    God:    Okawaru [****..]
Gold:   919        SH:  6    Dex:  9    Spells: 12/12 levels left

rFire   . . .        f - +1 demon whip (venom)
rCold   . . .        c - +0 buckler
rNeg    + + +        o - +0 plate armour
rPois   inf          (helmet restricted)
rElec   +            r - +0 cloak
rCorr   +            l - +1 pair of gloves
SInv    +            v - +1 pair of boots of the Volcano {rN+++ rCorr Int-3 SInv}
Will    .....        (no amulet) Stlth
                     s - +4 ring of slaying {mikee}
HPRegen 0.33/turn    m - +6 ring of strength
MPRegen 0.17/turn

%: no passive effects
@: about to teleport, heroic, flying
A: sickness immunity, AC +9, negative energy resistance 1, electricity
resistance, torment resistance 1, petrification resistance, antennae 1, big
wings, iridescent scales 1
a: Renounce Religion, Heroism, Finesse


You were on level 5 of the Lair of Beasts.
You worshipped Okawaru.
Okawaru was greatly pleased with you.
You visited 3 branches of the dungeon, and saw 14 of its levels.

You collected 919 gold pieces.


Innate Abilities, Weirdness & Mutations

You are immune to sickness and miasma.
Your stone body is resilient. (AC +9)
You are immune to poison.
You resist negative energy. (rN+)
You are resistant to electric shocks. (rElec)
You are resistant to unholy torment.
You are immune to petrification.
You have a pair of small antennae on your head.
Your large and strong wings let you fly.
You are partially covered in iridescent scales. (AC +2)


   Skills:
 - Level 10.0(15.0) Fighting
 + Level 13.2(18.2) Axes
 - Level 2.0(7.0) Throwing
 - Level 10.0(15.0) Armour
 - Level 2.3(7.3) Dodging
 - Level 6.1(11.1) Shields
 - Level 10.0 Invocations


You had 12 spell levels left.
You didn't know any spells.
Your spell library was empty.

Inventory:

Hand Weapons
 f - a +1 demon whip of venom (weapon)
 k - a +0 spectral war axe
Armour
 c - a +0 buckler (worn)
 l - a +1 pair of gloves (worn)
 o - a +0 plate armour (worn)
 r - a +0 cloak (worn)
 v - the +1 pair of boots of the Volcano (worn) {rN+++ rCorr Int-3 SInv}
   (Okawaru gifted it to you on level 4 of the Lair of Beasts)

   Int:       It affects your intelligence (-3).
   rN:        It renders you almost immune to negative energy.
   SInv:      It lets you see invisible.
   rCorr:     It protects you from acid and corrosion.
Jewellery
 m - a +6 ring of strength (right hand)
 s - a +4 ring of slaying (left hand) {mikee}
 u - a ring of protection from fire
Scrolls
 b - 4 scrolls of teleportation
 n - 4 scrolls of identify
Potions
 a - 2 potions of magic
 d - 3 potions of might
 e - 4 potions of lignification
 g - 7 potions of heal wounds
 h - 3 potions of mutation
 i - 6 potions of curing
 q - a potion of attraction
 t - a potion of cancellation

Dungeon Overview and Level Annotations

Branches:
Dungeon (8/15)             Temple (1/1) D:4            Lair (5/5) D:8
  Swamp (0/4) Lair:3       Spider (0/4) Lair:2        Slime (0/5) Lair:4

Altars:
Ashenzari
Cheibriados
Dithmenos
Elyvilon
Fedhas
Gozag
Hepliaklqana
Kikubaaqudgha
Makhleb
Nemelex Xobeh
Okawaru
Qazlal
Ru
Sif Muna
Trog
Uskayaw
Vehumet
Wu Jian
Xom
Yredelemnul
Zin
The Shining One
Ignis
Jiyva

Shops:
D:2 [   D:6 *


Message History

The blink frog is almost dead.
The blink frog hits you.
You block the vampire mosquito's attack.
You whack the blink frog!
You kill the blink frog!
Okawaru accepts your kill.
The vampire mosquito bites you but does no damage.
The five-headed hydra bites you but does no damage. x2
You block the five-headed hydra's attack.
The five-headed hydra bites you.
The five-headed hydra bites you but does no damage.
The blink frog closely misses you.
The skyshark bites you but does no damage.
The skyshark tail-slaps you but does no damage.
The skyshark barely misses you.
You miss the vampire mosquito. The vampire mosquito bites you!
You block the blink frog's attack. The blink frog barely misses you.
You whack the vampire mosquito!
The vampire mosquito is moderately damaged.
The vampire mosquito bites you but does no damage.
The five-headed hydra bites you.
The five-headed hydra bites you but does no damage.
The five-headed hydra bites you!
You block the five-headed hydra's attack.
The five-headed hydra bites you but does no damage.
The blink frog barely misses you.
The skyshark bites you but does no damage.
The skyshark tail-slaps you.
The skyshark tail-slaps you but does no damage.
11929 ||| READING 5 scrolls of teleportation.
As you read the scroll of teleportation, it crumbles to dust.
You feel strangely unstable.
The vampire mosquito completely misses you.
The blink frog barely misses you.
The blink frog hits you but does no damage.
You block the vampire mosquito's attack.
The five-headed hydra bites you but does no damage. x4
The five-headed hydra bites you.
You die...

.........#.###
.........###
........###
..........######
.......#.%#....##
......#.......#.#
......#...~.PP...
....###.F%ยค.~..~P
..#. #.%@y.)~.~~
..# #~lFD~~~~~~
#~.~%~~~~~~
#..~~~~~~~~
~.~~~~~~~~~
#..~~~~P~~~~
~.~~~~~~~~~~
#.~~P~P~~~P~~


You could see a skyshark, a five-headed hydra, 2 blink frogs and a vampire
mosquito.

Vanquished Creatures
  Erica (D:8)
  Amaemon (D:8)
  A lindwurm (Lair:4)
  Pikel (D:4)
  Joseph (D:8)
  4 elephants (Lair:1)
  A black mamba (Lair:5)
  11 cane toads
  An orange demon (D:8)
  Psyche (D:8)
  2 rime drakes
  A komodo dragon (Lair:4)
  2 ice devils (Lair:3)
  2 polar bears
  Grinder (D:5)
  29 blink frogs
  2 slime creatures (Lair:4)
  A culicivora (Lair:2)
  A wyvern (Lair:3)
  9 yaks
  3 basilisks
  3 redbacks (Lair:2)
  Menkaure (D:4)
  7 vampire mosquitoes
  Duvessa (D:4)
  10 water moccasins
  2 ice beasts
  2 black bears
  An ogre (D:5)
  6 wolves
  2 lemures (D:4)
  A phantom (D:5)
  A kobold brigand (D:5)
  12 bullfrogs
  3 scorpions
  Dowan (D:4)
  3 wights (D:5)
  10 killer bees
  A hound (D:6)
  6 jellies
  5 orc priests
  A gnoll bouda (D:7)
  A sleepcap (D:5)
  2 iguanas (D:4)
  4 orc wizards
  Ijyb (D:4)
  12 gnolls
  10 adders
  3 ufetubi
  2 worms
  4 dart slugs
  32 orcs
  5 ball pythons
  4 bats
  7 endoplasms
  3 giant cockroaches
  9 hobgoblins
  9 kobolds
  2 quokkas
  4 frilled lizards
  6 goblins
  6 rats
281 creatures vanquished.

Vanquished Creatures (others)
  A spectral weapon (D:8)
1 creature vanquished.

Grand Total: 282 creatures vanquished

Notes
Turn   | Place    | Note
-------+----------+-------------------------------------------
     0 | D:1      | qw the Gargoyle Fighter began the quest for the Orb.
     0 | D:1      | Reached XP level 1. HP: 14/14 MP: 1/1
     0 | D:1      | 0 ||| qw: Version: 0.2-a-101-gf424e7f
     0 | D:1      | 0 ||| qw: Game counter: 354
     0 | D:1      | 0 ||| qw: Always use a shield: true
     0 | D:1      | 0 ||| qw: God list: Okawaru
     0 | D:1      | 0 ||| qw: Allow faded altars: false
     0 | D:1      | 0 ||| qw: Do Orc after D:15 true
     0 | D:1      | 0 ||| qw: Do second Lair branch before Depths: true
     0 | D:1      | 0 ||| qw: Lair rune preference: random
     0 | D:1      | 0 ||| qw: Plans: Normal, Zot:1-4, Slime:5, God:TSO, Crypt,
                  | Tomb, Pan, Hells, Abyss, Win
     0 | D:1      | 0 ||| PLANNING D:1-11
    33 | D:1      | Reached skill level 2 in Axes
   295 | D:1      | Reached XP level 2. HP: 17/19 MP: 2/2
   306 | D:1      | Found a faded altar of an unknown god.
   753 | D:1      | Reached skill level 3 in Axes
   989 | D:1      | Reached XP level 3. HP: 23/23 MP: 3/3
  1248 | D:1      | 1248 ||| DROPPING +2 leather armour of willpower.
  1249 | D:1      | 1249 ||| UPGRADING to +0 pair of boots.
  1254 | D:1      | 1254 ||| DROPPING ring of flight.
  1255 | D:1      | 1255 ||| READING scroll labelled YNEIRR RIPS.
  1256 | D:1      | 1256 ||| READING scroll labelled SISUZI TEUKHLE.
  1257 | D:1      | 1257 ||| READING 2 scrolls labelled MAENLEFITU.
  1507 | D:2      | Found Unli's Antique Armour Shop.
  1525 | D:2      | 1525 ||| SHOPLISTING chain mail (117 gold, have 81).
  1525 | D:2      | 1525 ||| SHOPLISTING pair of glowing gloves (195 gold, have
                  | 81).
  1525 | D:2      | 1525 ||| SHOPLISTING runed chain mail (195 gold, have 81).
  1997 | D:2      | 1997 ||| UPGRADING to +0 chain mail.
  2007 | D:2      | 2007 ||| DROPPING +0 scale mail.
  2008 | D:2      | 2008 ||| UPGRADING to ring of protection from fire.
  2009 | D:2      | 2009 ||| READING scroll labelled NERIUL UKASM.
  2010 | D:2      | 2010 ||| DRINKING 3 smoky brown potions.
  2073 | D:3      | 2073 ||| Stepping ~*~*~tactically~*~*~ (hiding).
  2093 | D:3      | 2093 ||| Stepping ~*~*~tactically~*~*~ (stealth).
  2094 | D:3      | 2094 ||| Stepping ~*~*~tactically~*~*~ (stealth).
  2102 | D:3      | 2102 ||| FLEEEEING.
  2103 | D:3      | 2103 ||| FLEEEEING.
  2104 | D:3      | 2104 ||| FLEEEEING.
  2105 | D:3      | 2105 ||| STAIRDANCE
  2124 | D:3      | Reached XP level 4. HP: 27/28 MP: 4/4
  2131 | D:3      | 2131 ||| DROPPING +0 club.
  2171 | D:3      | 2171 ||| Stepping ~*~*~tactically~*~*~ (hiding).
  2172 | D:3      | 2172 ||| Stepping ~*~*~tactically~*~*~ (hiding).
  2206 | D:3      | Reached skill level 4 in Axes
  2552 | D:3      | Reached XP level 5. HP: 25/32 MP: 5/5
  2702 | D:3      | 2702 ||| UPGRADING to +6 ring of strength.
  2703 | D:3      | 2703 ||| READING scroll labelled NAUROHUY RENYL.
  2704 | D:3      | 2704 ||| DRINKING 3 glowing clear potions.
  2811 | D:4      | 2811 ||| Stepping ~*~*~tactically~*~*~ (hiding).
  2817 | D:4      | Noticed Ijyb
  2820 | D:4      | Reached skill level 5 in Axes
  2820 | D:4      | 2820 ||| Stepping ~*~*~tactically~*~*~ (hiding).
  2826 | D:4      | Killed Ijyb
  2837 | D:4      | 2837 ||| Stepping ~*~*~tactically~*~*~ (stealth).
  2870 | D:4      | 2870 ||| DROPPING +0 whip.
  2884 | D:4      | Noticed Dowan
  2884 | D:4      | Noticed Duvessa
  2886 | D:4      | 2886 ||| Stepping ~*~*~tactically~*~*~ (hiding).
  2887 | D:4      | 2887 ||| Stepping ~*~*~tactically~*~*~ (hiding).
  2894 | D:4      | Reached XP level 6. HP: 37/38 MP: 6/6
  2898 | D:4      | Killed Duvessa
  2899 | D:4      | 2899 ||| Stepping ~*~*~tactically~*~*~ (hiding).
  2910 | D:4      | HP: 9/38 [Dowan/shard of ice (19)]
  2911 | D:4      | 2911 ||| READING 2 scrolls of teleportation.
  2913 | D:4      | Killed Dowan
  2915 | D:4      | Found a staircase to the Ecumenical Temple.
  2915 | D:4      | Noticed Menkaure
  2915 | D:4      | HP: 7/38 [Menkaure/nerve-wracking pain (3)]
  2916 | D:4      | 2916 ||| PLANNING TEMPLE
  2916 | D:4      | 2916 ||| READING scroll of teleportation.
  3034 | D:4      | 3034 ||| UPGRADING to +0 plate armour.
  3044 | D:4      | 3044 ||| DROPPING +0 chain mail.
  3045 | D:4      | 3045 ||| Stepping randomly (stuck).
  3046 | D:4      | 3046 ||| Stepping randomly (stuck).
  3047 | D:4      | 3047 ||| Stepping randomly (stuck).
  3048 | D:4      | 3048 ||| Stepping randomly (stuck).
  3049 | D:4      | 3049 ||| Stepping randomly (stuck).
  3050 | D:4      | 3050 ||| Stepping randomly (stuck).
  3051 | D:4      | 3051 ||| Stepping randomly (stuck).
  3052 | D:4      | 3052 ||| Stepping randomly (stuck).
  3053 | D:4      | 3053 ||| Stepping randomly (stuck).
  3054 | D:4      | 3054 ||| Stepping randomly (stuck).
  3055 | D:4      | 3055 ||| Stepping randomly (stuck).
  3056 | D:4      | 3056 ||| Stepping randomly (stuck).
  3057 | D:4      | 3057 ||| Stepping randomly (stuck).
  3058 | D:4      | 3058 ||| Stepping randomly (stuck).
  3059 | D:4      | 3059 ||| Stepping randomly (stuck).
  3060 | D:4      | 3060 ||| Stepping randomly (stuck).
  3061 | D:4      | 3061 ||| Stepping randomly (stuck).
  3062 | D:4      | 3062 ||| Stepping randomly (stuck).
  3063 | D:4      | 3063 ||| Stepping randomly (stuck).
  3064 | D:4      | 3064 ||| Stepping randomly (stuck).
  3065 | D:4      | 3065 ||| Stepping randomly (stuck).
  3066 | D:4      | 3066 ||| Stepping randomly (stuck).
  3067 | D:4      | 3067 ||| Stepping randomly (stuck).
  3068 | D:4      | 3068 ||| Stepping randomly (stuck).
  3069 | D:4      | 3069 ||| Stepping randomly (stuck).
  3070 | D:4      | 3070 ||| Stepping randomly (stuck).
  3071 | D:4      | 3071 ||| Stepping randomly (stuck).
  3072 | D:4      | 3072 ||| Stepping randomly (stuck).
  3073 | D:4      | 3073 ||| Stepping randomly (stuck).
  3074 | D:4      | 3074 ||| Stepping randomly (stuck).
  3075 | D:4      | 3075 ||| Stepping randomly (stuck).
  3076 | D:4      | 3076 ||| Stepping randomly (stuck).
  3077 | D:4      | 3077 ||| Stepping randomly (stuck).
  3078 | D:4      | 3078 ||| Stepping randomly (stuck).
  3079 | D:4      | 3079 ||| Stepping randomly (stuck).
  3080 | D:4      | 3080 ||| Stepping randomly (stuck).
  3081 | D:4      | 3081 ||| Stepping randomly (stuck).
  3082 | D:4      | 3082 ||| Stepping randomly (stuck).
  3083 | D:4      | 3083 ||| Stepping randomly (stuck).
  3084 | D:4      | 3084 ||| Stepping randomly (stuck).
  3085 | D:4      | 3085 ||| Stepping randomly (stuck).
  3086 | D:4      | 3086 ||| Stepping randomly (stuck).
  3087 | D:4      | 3087 ||| Stepping randomly (stuck).
  3088 | D:4      | 3088 ||| Stepping randomly (stuck).
  3089 | D:4      | 3089 ||| Stepping randomly (stuck).
  3090 | D:4      | 3090 ||| Stepping randomly (stuck).
  3091 | D:4      | 3091 ||| Stepping randomly (stuck).
  3092 | D:4      | 3092 ||| Stepping randomly (stuck).
  3093 | D:4      | 3093 ||| Stepping randomly (stuck).
  3094 | D:4      | 3094 ||| Stepping randomly (stuck).
  3095 | D:4      | 3095 ||| Stepping randomly (stuck).
  3096 | D:4      | 3096 ||| Stepping randomly (stuck).
  3097 | D:4      | 3097 ||| Stepping randomly (stuck).
  3098 | D:4      | 3098 ||| Stepping randomly (stuck).
  3099 | D:4      | 3099 ||| Stepping randomly (stuck).
  3100 | D:4      | 3100 ||| Stepping randomly (stuck).
  3101 | D:4      | 3101 ||| Stepping randomly (stuck).
  3102 | D:4      | 3102 ||| Stepping randomly (stuck).
  3103 | D:4      | 3103 ||| Stepping randomly (stuck).
  3104 | D:4      | 3104 ||| Stepping randomly (stuck).
  3105 | D:4      | 3105 ||| Stepping randomly (stuck).
  3106 | D:4      | 3106 ||| Stepping randomly (stuck).
  3107 | D:4      | 3107 ||| Stepping randomly (stuck).
  3108 | D:4      | 3108 ||| Stepping randomly (stuck).
  3109 | D:4      | 3109 ||| Stepping randomly (stuck).
  3110 | D:4      | 3110 ||| Stepping randomly (stuck).
  3111 | D:4      | 3111 ||| Stepping randomly (stuck).
  3112 | D:4      | 3112 ||| Stepping randomly (stuck).
  3113 | D:4      | 3113 ||| Stepping randomly (stuck).
  3114 | D:4      | 3114 ||| Stepping randomly (stuck).
  3115 | D:4      | 3115 ||| Stepping randomly (stuck).
  3116 | D:4      | 3116 ||| Stepping randomly (stuck).
  3117 | D:4      | 3117 ||| Stepping randomly (stuck).
  3118 | D:4      | 3118 ||| Stepping randomly (stuck).
  3119 | D:4      | 3119 ||| Stepping randomly (stuck).
  3120 | D:4      | 3120 ||| Stepping randomly (stuck).
  3121 | D:4      | 3121 ||| Stepping randomly (stuck).
  3122 | D:4      | 3122 ||| Stepping randomly (stuck).
  3123 | D:4      | 3123 ||| Stepping randomly (stuck).
  3124 | D:4      | 3124 ||| Stepping randomly (stuck).
  3125 | D:4      | 3125 ||| Stepping randomly (stuck).
  3126 | D:4      | 3126 ||| Stepping randomly (stuck).
  3127 | D:4      | 3127 ||| Stepping randomly (stuck).
  3128 | D:4      | 3128 ||| Stepping randomly (stuck).
  3129 | D:4      | 3129 ||| Stepping randomly (stuck).
  3130 | D:4      | 3130 ||| Stepping randomly (stuck).
  3131 | D:4      | 3131 ||| Stepping randomly (stuck).
  3132 | D:4      | 3132 ||| Stepping randomly (stuck).
  3133 | D:4      | 3133 ||| Stepping randomly (stuck).
  3134 | D:4      | 3134 ||| Stepping randomly (stuck).
  3135 | D:4      | 3135 ||| Stepping randomly (stuck).
  3136 | D:4      | 3136 ||| Stepping randomly (stuck).
  3137 | D:4      | 3137 ||| Stepping randomly (stuck).
  3138 | D:4      | 3138 ||| Stepping randomly (stuck).
  3139 | D:4      | 3139 ||| Stepping randomly (stuck).
  3140 | D:4      | 3140 ||| Stepping randomly (stuck).
  3141 | D:4      | 3141 ||| Stepping randomly (stuck).
  3142 | D:4      | 3142 ||| Stepping randomly (stuck).
  3143 | D:4      | 3143 ||| Stepping randomly (stuck).
  3144 | D:4      | 3144 ||| Stepping randomly (stuck).
  3145 | D:4      | 3145 ||| Stepping randomly (stuck).
  3146 | D:4      | 3146 ||| Stepping randomly (stuck).
  3147 | D:4      | 3147 ||| Stepping randomly (stuck).
  3148 | D:4      | 3148 ||| Stepping randomly (stuck).
  3149 | D:4      | 3149 ||| Stepping randomly (stuck).
  3150 | D:4      | 3150 ||| Stepping randomly (stuck).
  3151 | D:4      | 3151 ||| Stepping randomly (stuck).
  3152 | D:4      | 3152 ||| Stepping randomly (stuck).
  3153 | D:4      | 3153 ||| Stepping randomly (stuck).
  3154 | D:4      | 3154 ||| Stepping randomly (stuck).
  3155 | D:4      | 3155 ||| Stepping randomly (stuck).
  3156 | D:4      | 3156 ||| Stepping randomly (stuck).
  3157 | D:4      | 3157 ||| Stepping randomly (stuck).
  3158 | D:4      | 3158 ||| Stepping randomly (stuck).
  3159 | D:4      | 3159 ||| Stepping randomly (stuck).
  3160 | D:4      | 3160 ||| Stepping randomly (stuck).
  3161 | D:4      | 3161 ||| Stepping randomly (stuck).
  3162 | D:4      | 3162 ||| Stepping randomly (stuck).
  3163 | D:4      | 3163 ||| Stepping randomly (stuck).
  3164 | D:4      | 3164 ||| Stepping randomly (stuck).
  3165 | D:4      | 3165 ||| Stepping randomly (stuck).
  3166 | D:4      | 3166 ||| Stepping randomly (stuck).
  3167 | D:4      | 3167 ||| Stepping randomly (stuck).
  3168 | D:4      | 3168 ||| Stepping randomly (stuck).
  3169 | D:4      | 3169 ||| Stepping randomly (stuck).
  3170 | D:4      | 3170 ||| Stepping randomly (stuck).
  3171 | D:4      | 3171 ||| Stepping randomly (stuck).
  3172 | D:4      | 3172 ||| Stepping randomly (stuck).
  3173 | D:4      | 3173 ||| Stepping randomly (stuck).
  3174 | D:4      | 3174 ||| Stepping randomly (stuck).
  3175 | D:4      | 3175 ||| Stepping randomly (stuck).
  3176 | D:4      | 3176 ||| Stepping randomly (stuck).
  3177 | D:4      | 3177 ||| Stepping randomly (stuck).
  3178 | D:4      | 3178 ||| Stepping randomly (stuck).
  3179 | D:4      | 3179 ||| Stepping randomly (stuck).
  3180 | D:4      | 3180 ||| Stepping randomly (stuck).
  3181 | D:4      | 3181 ||| Stepping randomly (stuck).
  3182 | D:4      | 3182 ||| Stepping randomly (stuck).
  3183 | D:4      | 3183 ||| Stepping randomly (stuck).
  3184 | D:4      | 3184 ||| Stepping randomly (stuck).
  3185 | D:4      | 3185 ||| Stepping randomly (stuck).
  3186 | D:4      | 3186 ||| Stepping randomly (stuck).
  3187 | D:4      | 3187 ||| Stepping randomly (stuck).
  3188 | D:4      | 3188 ||| Stepping randomly (stuck).
  3189 | D:4      | 3189 ||| Stepping randomly (stuck).
  3190 | D:4      | 3190 ||| Stepping randomly (stuck).
  3191 | D:4      | 3191 ||| Stepping randomly (stuck).
  3192 | D:4      | 3192 ||| Stepping randomly (stuck).
  3193 | D:4      | 3193 ||| Stepping randomly (stuck).
  3194 | D:4      | 3194 ||| Stepping randomly (stuck).
  3195 | D:4      | 3195 ||| Stepping randomly (stuck).
  3196 | D:4      | 3196 ||| Stepping randomly (stuck).
  3197 | D:4      | 3197 ||| Stepping randomly (stuck).
  3198 | D:4      | 3198 ||| Stepping randomly (stuck).
  3199 | D:4      | 3199 ||| Stepping randomly (stuck).
  3200 | D:4      | 3200 ||| Stepping randomly (stuck).
  3201 | D:4      | 3201 ||| Stepping randomly (stuck).
  3202 | D:4      | 3202 ||| Stepping randomly (stuck).
  3203 | D:4      | 3203 ||| Stepping randomly (stuck).
  3204 | D:4      | 3204 ||| Stepping randomly (stuck).
  3205 | D:4      | 3205 ||| Stepping randomly (stuck).
  3206 | D:4      | 3206 ||| Stepping randomly (stuck).
  3207 | D:4      | 3207 ||| Stepping randomly (stuck).
  3208 | D:4      | 3208 ||| Stepping randomly (stuck).
  3209 | D:4      | 3209 ||| Stepping randomly (stuck).
  3210 | D:4      | 3210 ||| Stepping randomly (stuck).
  3211 | D:4      | 3211 ||| Stepping randomly (stuck).
  3212 | D:4      | 3212 ||| Stepping randomly (stuck).
  3213 | D:4      | 3213 ||| Stepping randomly (stuck).
  3214 | D:4      | 3214 ||| Stepping randomly (stuck).
  3215 | D:4      | 3215 ||| Stepping randomly (stuck).
  3216 | D:4      | 3216 ||| Stepping randomly (stuck).
  3217 | D:4      | 3217 ||| Stepping randomly (stuck).
  3218 | D:4      | 3218 ||| Stepping randomly (stuck).
  3219 | D:4      | 3219 ||| Stepping randomly (stuck).
  3220 | D:4      | 3220 ||| Stepping randomly (stuck).
  3221 | D:4      | 3221 ||| Stepping randomly (stuck).
  3222 | D:4      | 3222 ||| Stepping randomly (stuck).
  3223 | D:4      | 3223 ||| Stepping randomly (stuck).
  3224 | D:4      | 3224 ||| Stepping randomly (stuck).
  3225 | D:4      | 3225 ||| Stepping randomly (stuck).
  3226 | D:4      | 3226 ||| Stepping randomly (stuck).
  3227 | D:4      | 3227 ||| Stepping randomly (stuck).
  3228 | D:4      | 3228 ||| Stepping randomly (stuck).
  3229 | D:4      | 3229 ||| Stepping randomly (stuck).
  3230 | D:4      | 3230 ||| Stepping randomly (stuck).
  3231 | D:4      | 3231 ||| Stepping randomly (stuck).
  3232 | D:4      | 3232 ||| Stepping randomly (stuck).
  3233 | D:4      | 3233 ||| Stepping randomly (stuck).
  3234 | D:4      | 3234 ||| Stepping randomly (stuck).
  3235 | D:4      | 3235 ||| Stepping randomly (stuck).
  3236 | D:4      | 3236 ||| Stepping randomly (stuck).
  3237 | D:4      | 3237 ||| Stepping randomly (stuck).
  3238 | D:4      | 3238 ||| Stepping randomly (stuck).
  3239 | D:4      | 3239 ||| Stepping randomly (stuck).
  3240 | D:4      | 3240 ||| Stepping randomly (stuck).
  3241 | D:4      | 3241 ||| Stepping randomly (stuck).
  3242 | D:4      | 3242 ||| Stepping randomly (stuck).
  3243 | D:4      | 3243 ||| Stepping randomly (stuck).
  3244 | D:4      | 3244 ||| Stepping randomly (stuck).
  3245 | D:4      | 3245 ||| Stepping randomly (stuck).
  3246 | D:4      | 3246 ||| Stepping randomly (stuck).
  3247 | D:4      | 3247 ||| Stepping randomly (stuck).
  3248 | D:4      | 3248 ||| Stepping randomly (stuck).
  3249 | D:4      | 3249 ||| Stepping randomly (stuck).
  3250 | D:4      | 3250 ||| Stepping randomly (stuck).
  3251 | D:4      | 3251 ||| Stepping randomly (stuck).
  3252 | D:4      | 3252 ||| Stepping randomly (stuck).
  3253 | D:4      | 3253 ||| Stepping randomly (stuck).
  3254 | D:4      | 3254 ||| Stepping randomly (stuck).
  3255 | D:4      | 3255 ||| Stepping randomly (stuck).
  3256 | D:4      | 3256 ||| Stepping randomly (stuck).
  3257 | D:4      | 3257 ||| Stepping randomly (stuck).
  3258 | D:4      | 3258 ||| Stepping randomly (stuck).
  3259 | D:4      | 3259 ||| Stepping randomly (stuck).
  3260 | D:4      | 3260 ||| Stepping randomly (stuck).
  3261 | D:4      | 3261 ||| Stepping randomly (stuck).
  3262 | D:4      | 3262 ||| Stepping randomly (stuck).
  3263 | D:4      | 3263 ||| Stepping randomly (stuck).
  3264 | D:4      | 3264 ||| Stepping randomly (stuck).
  3265 | D:4      | 3265 ||| Stepping randomly (stuck).
  3266 | D:4      | 3266 ||| Stepping randomly (stuck).
  3267 | D:4      | 3267 ||| Stepping randomly (stuck).
  3268 | D:4      | 3268 ||| Stepping randomly (stuck).
  3269 | D:4      | 3269 ||| Stepping randomly (stuck).
  3270 | D:4      | 3270 ||| Stepping randomly (stuck).
  3271 | D:4      | 3271 ||| Stepping randomly (stuck).
  3272 | D:4      | 3272 ||| Stepping randomly (stuck).
  3273 | D:4      | 3273 ||| Stepping randomly (stuck).
  3274 | D:4      | 3274 ||| Stepping randomly (stuck).
  3275 | D:4      | 3275 ||| Stepping randomly (stuck).
  3276 | D:4      | 3276 ||| Stepping randomly (stuck).
  3277 | D:4      | 3277 ||| Stepping randomly (stuck).
  3278 | D:4      | 3278 ||| Stepping randomly (stuck).
  3279 | D:4      | 3279 ||| Stepping randomly (stuck).
  3280 | D:4      | 3280 ||| Stepping randomly (stuck).
  3281 | D:4      | 3281 ||| Stepping randomly (stuck).
  3282 | D:4      | 3282 ||| Stepping randomly (stuck).
  3283 | D:4      | 3283 ||| Stepping randomly (stuck).
  3284 | D:4      | 3284 ||| Stepping randomly (stuck).
  3285 | D:4      | 3285 ||| Stepping randomly (stuck).
  3286 | D:4      | 3286 ||| Stepping randomly (stuck).
  3287 | D:4      | 3287 ||| Stepping randomly (stuck).
  3288 | D:4      | 3288 ||| Stepping randomly (stuck).
  3289 | D:4      | 3289 ||| Stepping randomly (stuck).
  3290 | D:4      | 3290 ||| Stepping randomly (stuck).
  3291 | D:4      | 3291 ||| Stepping randomly (stuck).
  3292 | D:4      | 3292 ||| Stepping randomly (stuck).
  3293 | D:4      | 3293 ||| Stepping randomly (stuck).
  3294 | D:4      | 3294 ||| Stepping randomly (stuck).
  3295 | D:4      | 3295 ||| Stepping randomly (stuck).
  3296 | D:4      | 3296 ||| Stepping randomly (stuck).
  3297 | D:4      | 3297 ||| Stepping randomly (stuck).
  3298 | D:4      | 3298 ||| Stepping randomly (stuck).
  3299 | D:4      | 3299 ||| Stepping randomly (stuck).
  3300 | D:4      | 3300 ||| Stepping randomly (stuck).
  3301 | D:4      | 3301 ||| Stepping randomly (stuck).
  3302 | D:4      | 3302 ||| Stepping randomly (stuck).
  3303 | D:4      | 3303 ||| Stepping randomly (stuck).
  3304 | D:4      | 3304 ||| Stepping randomly (stuck).
  3305 | D:4      | 3305 ||| Stepping randomly (stuck).
  3306 | D:4      | 3306 ||| Stepping randomly (stuck).
  3307 | D:4      | 3307 ||| Stepping randomly (stuck).
  3308 | D:4      | 3308 ||| Stepping randomly (stuck).
  3309 | D:4      | 3309 ||| Stepping randomly (stuck).
  3310 | D:4      | 3310 ||| Stepping randomly (stuck).
  3311 | D:4      | 3311 ||| Stepping randomly (stuck).
  3312 | D:4      | 3312 ||| Stepping randomly (stuck).
  3313 | D:4      | 3313 ||| Stepping randomly (stuck).
  3314 | D:4      | 3314 ||| Stepping randomly (stuck).
  3315 | D:4      | 3315 ||| Stepping randomly (stuck).
  3316 | D:4      | 3316 ||| Stepping randomly (stuck).
  3317 | D:4      | 3317 ||| Stepping randomly (stuck).
  3318 | D:4      | 3318 ||| Stepping randomly (stuck).
  3319 | D:4      | 3319 ||| Stepping randomly (stuck).
  3320 | D:4      | 3320 ||| Stepping randomly (stuck).
  3321 | D:4      | 3321 ||| Stepping randomly (stuck).
  3322 | D:4      | 3322 ||| Stepping randomly (stuck).
  3323 | D:4      | 3323 ||| Stepping randomly (stuck).
  3324 | D:4      | 3324 ||| Stepping randomly (stuck).
  3325 | D:4      | 3325 ||| Stepping randomly (stuck).
  3326 | D:4      | 3326 ||| Stepping randomly (stuck).
  3327 | D:4      | 3327 ||| Stepping randomly (stuck).
  3328 | D:4      | 3328 ||| Stepping randomly (stuck).
  3329 | D:4      | 3329 ||| Stepping randomly (stuck).
  3330 | D:4      | 3330 ||| Stepping randomly (stuck).
  3331 | D:4      | 3331 ||| Stepping randomly (stuck).
  3332 | D:4      | 3332 ||| Stepping randomly (stuck).
  3333 | D:4      | 3333 ||| Stepping randomly (stuck).
  3334 | D:4      | 3334 ||| Stepping randomly (stuck).
  3335 | D:4      | 3335 ||| Stepping randomly (stuck).
  3336 | D:4      | 3336 ||| Stepping randomly (stuck).
  3337 | D:4      | 3337 ||| Stepping randomly (stuck).
  3338 | D:4      | 3338 ||| Stepping randomly (stuck).
  3339 | D:4      | 3339 ||| Stepping randomly (stuck).
  3340 | D:4      | 3340 ||| Stepping randomly (stuck).
  3341 | D:4      | 3341 ||| Stepping randomly (stuck).
  3342 | D:4      | 3342 ||| Stepping randomly (stuck).
  3343 | D:4      | 3343 ||| Stepping randomly (stuck).
  3344 | D:4      | 3344 ||| Stepping randomly (stuck).
  3345 | D:4      | 3345 ||| Stepping randomly (stuck).
  3346 | D:4      | 3346 ||| Stepping randomly (stuck).
  3347 | D:4      | 3347 ||| Stepping randomly (stuck).
  3348 | D:4      | 3348 ||| Stepping randomly (stuck).
  3349 | D:4      | 3349 ||| Stepping randomly (stuck).
  3350 | D:4      | 3350 ||| Stepping randomly (stuck).
  3351 | D:4      | 3351 ||| Stepping randomly (stuck).
  3352 | D:4      | 3352 ||| Stepping randomly (stuck).
  3353 | D:4      | 3353 ||| Stepping randomly (stuck).
  3354 | D:4      | 3354 ||| Stepping randomly (stuck).
  3355 | D:4      | 3355 ||| Stepping randomly (stuck).
  3356 | D:4      | 3356 ||| Stepping randomly (stuck).
  3357 | D:4      | 3357 ||| Stepping randomly (stuck).
  3358 | D:4      | 3358 ||| Stepping randomly (stuck).
  3359 | D:4      | 3359 ||| Stepping randomly (stuck).
  3360 | D:4      | 3360 ||| Stepping randomly (stuck).
  3361 | D:4      | 3361 ||| Stepping randomly (stuck).
  3362 | D:4      | 3362 ||| Stepping randomly (stuck).
  3363 | D:4      | 3363 ||| Stepping randomly (stuck).
  3364 | D:4      | 3364 ||| Stepping randomly (stuck).
  3365 | D:4      | 3365 ||| Stepping randomly (stuck).
  3366 | D:4      | 3366 ||| Stepping randomly (stuck).
  3367 | D:4      | 3367 ||| Stepping randomly (stuck).
  3368 | D:4      | 3368 ||| Stepping randomly (stuck).
  3369 | D:4      | 3369 ||| Stepping randomly (stuck).
  3370 | D:4      | 3370 ||| Stepping randomly (stuck).
  3371 | D:4      | 3371 ||| Stepping randomly (stuck).
  3372 | D:4      | 3372 ||| Stepping randomly (stuck).
  3373 | D:4      | 3373 ||| Stepping randomly (stuck).
  3374 | D:4      | 3374 ||| Stepping randomly (stuck).
  3375 | D:4      | 3375 ||| Stepping randomly (stuck).
  3376 | D:4      | 3376 ||| Stepping randomly (stuck).
  3377 | D:4      | 3377 ||| Stepping randomly (stuck).
  3384 | D:4      | Reached skill level 6 in Axes
  3384 | D:4      | 3384 ||| Stepping randomly (stuck).
  3385 | D:4      | 3385 ||| Stepping randomly (stuck).
  3386 | D:4      | 3386 ||| Stepping randomly (stuck).
  3387 | D:4      | 3387 ||| Stepping randomly (stuck).
  3388 | D:4      | 3388 ||| Stepping randomly (stuck).
  3389 | D:4      | 3389 ||| Stepping randomly (stuck).
  3390 | D:4      | 3390 ||| Stepping randomly (stuck).
  3391 | D:4      | 3391 ||| Stepping randomly (stuck).
  3392 | D:4      | 3392 ||| Stepping randomly (stuck).
  3393 | D:4      | 3393 ||| Stepping randomly (stuck).
  3394 | D:4      | 3394 ||| Stepping randomly (stuck).
  3395 | D:4      | 3395 ||| Stepping randomly (stuck).
  3396 | D:4      | 3396 ||| Stepping randomly (stuck).
  3397 | D:4      | 3397 ||| Stepping randomly (stuck).
  3398 | D:4      | 3398 ||| Stepping randomly (stuck).
  3399 | D:4      | 3399 ||| Stepping randomly (stuck).
  3400 | D:4      | 3400 ||| Stepping randomly (stuck).
  3401 | D:4      | 3401 ||| Stepping randomly (stuck).
  3402 | D:4      | 3402 ||| Stepping randomly (stuck).
  3403 | D:4      | 3403 ||| Stepping randomly (stuck).
  3404 | D:4      | 3404 ||| Stepping randomly (stuck).
  3405 | D:4      | 3405 ||| Stepping randomly (stuck).
  3406 | D:4      | 3406 ||| Stepping randomly (stuck).
  3407 | D:4      | 3407 ||| Stepping randomly (stuck).
  3408 | D:4      | 3408 ||| Stepping randomly (stuck).
  3409 | D:4      | 3409 ||| Stepping randomly (stuck).
  3410 | D:4      | 3410 ||| Stepping randomly (stuck).
  3411 | D:4      | 3411 ||| Stepping randomly (stuck).
  3412 | D:4      | 3412 ||| Stepping randomly (stuck).
  3413 | D:4      | 3413 ||| Stepping randomly (stuck).
  3414 | D:4      | 3414 ||| Stepping randomly (stuck).
  3415 | D:4      | 3415 ||| Stepping randomly (stuck).
  3416 | D:4      | 3416 ||| Stepping randomly (stuck).
  3417 | D:4      | 3417 ||| Stepping randomly (stuck).
  3418 | D:4      | 3418 ||| Stepping randomly (stuck).
  3419 | D:4      | 3419 ||| Stepping randomly (stuck).
  3420 | D:4      | 3420 ||| Stepping randomly (stuck).
  3421 | D:4      | 3421 ||| Stepping randomly (stuck).
  3422 | D:4      | 3422 ||| Stepping randomly (stuck).
  3423 | D:4      | 3423 ||| Stepping randomly (stuck).
  3424 | D:4      | 3424 ||| Stepping randomly (stuck).
  3425 | D:4      | 3425 ||| Stepping randomly (stuck).
  3426 | D:4      | 3426 ||| Stepping randomly (stuck).
  3427 | D:4      | 3427 ||| Stepping randomly (stuck).
  3428 | D:4      | 3428 ||| Stepping randomly (stuck).
  3429 | D:4      | 3429 ||| Stepping randomly (stuck).
  3430 | D:4      | 3430 ||| Stepping randomly (stuck).
  3431 | D:4      | 3431 ||| Stepping randomly (stuck).
  3432 | D:4      | 3432 ||| Stepping randomly (stuck).
  3433 | D:4      | 3433 ||| Stepping randomly (stuck).
  3434 | D:4      | 3434 ||| Stepping randomly (stuck).
  3435 | D:4      | 3435 ||| Stepping randomly (stuck).
  3436 | D:4      | 3436 ||| Stepping randomly (stuck).
  3437 | D:4      | 3437 ||| Stepping randomly (stuck).
  3438 | D:4      | 3438 ||| Stepping randomly (stuck).
  3439 | D:4      | 3439 ||| Stepping randomly (stuck).
  3440 | D:4      | 3440 ||| Stepping randomly (stuck).
  3441 | D:4      | 3441 ||| Stepping randomly (stuck).
  3442 | D:4      | 3442 ||| Stepping randomly (stuck).
  3443 | D:4      | 3443 ||| Stepping randomly (stuck).
  3444 | D:4      | 3444 ||| Stepping randomly (stuck).
  3445 | D:4      | 3445 ||| Stepping randomly (stuck).
  3446 | D:4      | 3446 ||| Stepping randomly (stuck).
  3447 | D:4      | 3447 ||| Stepping randomly (stuck).
  3448 | D:4      | 3448 ||| Stepping randomly (stuck).
  3449 | D:4      | 3449 ||| Stepping randomly (stuck).
  3450 | D:4      | 3450 ||| Stepping randomly (stuck).
  3451 | D:4      | 3451 ||| Stepping randomly (stuck).
  3452 | D:4      | 3452 ||| Stepping randomly (stuck).
  3453 | D:4      | 3453 ||| Stepping randomly (stuck).
  3454 | D:4      | 3454 ||| Stepping randomly (stuck).
  3455 | D:4      | 3455 ||| Stepping randomly (stuck).
  3456 | D:4      | 3456 ||| Stepping randomly (stuck).
  3457 | D:4      | 3457 ||| Stepping randomly (stuck).
  3458 | D:4      | 3458 ||| Stepping randomly (stuck).
  3459 | D:4      | 3459 ||| Stepping randomly (stuck).
  3460 | D:4      | 3460 ||| Stepping randomly (stuck).
  3461 | D:4      | 3461 ||| Stepping randomly (stuck).
  3462 | D:4      | 3462 ||| Stepping randomly (stuck).
  3463 | D:4      | 3463 ||| Stepping randomly (stuck).
  3464 | D:4      | 3464 ||| Stepping randomly (stuck).
  3465 | D:4      | 3465 ||| Stepping randomly (stuck).
  3466 | D:4      | 3466 ||| Stepping randomly (stuck).
  3467 | D:4      | 3467 ||| Stepping randomly (stuck).
  3468 | D:4      | 3468 ||| Stepping randomly (stuck).
  3469 | D:4      | 3469 ||| Stepping randomly (stuck).
  3470 | D:4      | 3470 ||| Stepping randomly (stuck).
  3471 | D:4      | 3471 ||| Stepping randomly (stuck).
  3472 | D:4      | 3472 ||| Stepping randomly (stuck).
  3473 | D:4      | 3473 ||| Stepping randomly (stuck).
  3474 | D:4      | 3474 ||| Stepping randomly (stuck).
  3475 | D:4      | 3475 ||| Stepping randomly (stuck).
  3476 | D:4      | 3476 ||| Stepping randomly (stuck).
  3477 | D:4      | 3477 ||| Stepping randomly (stuck).
  3478 | D:4      | 3478 ||| Stepping randomly (stuck).
  3479 | D:4      | 3479 ||| Stepping randomly (stuck).
  3480 | D:4      | 3480 ||| Stepping randomly (stuck).
  3481 | D:4      | 3481 ||| Stepping randomly (stuck).
  3482 | D:4      | 3482 ||| Stepping randomly (stuck).
  3483 | D:4      | 3483 ||| Stepping randomly (stuck).
  3484 | D:4      | 3484 ||| Stepping randomly (stuck).
  3485 | D:4      | 3485 ||| Stepping randomly (stuck).
  3486 | D:4      | 3486 ||| Stepping randomly (stuck).
  3487 | D:4      | 3487 ||| Stepping randomly (stuck).
  3488 | D:4      | 3488 ||| Stepping randomly (stuck).
  3489 | D:4      | 3489 ||| Stepping randomly (stuck).
  3490 | D:4      | 3490 ||| Stepping randomly (stuck).
  3491 | D:4      | 3491 ||| Stepping randomly (stuck).
  3492 | D:4      | 3492 ||| Stepping randomly (stuck).
  3493 | D:4      | 3493 ||| Stepping randomly (stuck).
  3494 | D:4      | 3494 ||| Stepping randomly (stuck).
  3495 | D:4      | 3495 ||| Stepping randomly (stuck).
  3496 | D:4      | 3496 ||| Stepping randomly (stuck).
  3497 | D:4      | 3497 ||| Stepping randomly (stuck).
  3498 | D:4      | 3498 ||| Stepping randomly (stuck).
  3499 | D:4      | 3499 ||| Stepping randomly (stuck).
  3500 | D:4      | 3500 ||| Stepping randomly (stuck).
  3501 | D:4      | 3501 ||| Stepping randomly (stuck).
  3502 | D:4      | 3502 ||| Stepping randomly (stuck).
  3503 | D:4      | 3503 ||| Stepping randomly (stuck).
  3504 | D:4      | 3504 ||| Stepping randomly (stuck).
  3505 | D:4      | 3505 ||| Stepping randomly (stuck).
  3506 | D:4      | 3506 ||| Stepping randomly (stuck).
  3507 | D:4      | 3507 ||| Stepping randomly (stuck).
  3508 | D:4      | 3508 ||| Stepping randomly (stuck).
  3509 | D:4      | 3509 ||| Stepping randomly (stuck).
  3510 | D:4      | 3510 ||| Stepping randomly (stuck).
  3511 | D:4      | 3511 ||| Stepping randomly (stuck).
  3512 | D:4      | 3512 ||| Stepping randomly (stuck).
  3513 | D:4      | 3513 ||| Stepping randomly (stuck).
  3514 | D:4      | 3514 ||| Stepping randomly (stuck).
  3515 | D:4      | 3515 ||| Stepping randomly (stuck).
  3516 | D:4      | 3516 ||| Stepping randomly (stuck).
  3517 | D:4      | 3517 ||| Stepping randomly (stuck).
  3518 | D:4      | 3518 ||| Stepping randomly (stuck).
  3519 | D:4      | 3519 ||| Stepping randomly (stuck).
  3520 | D:4      | 3520 ||| Stepping randomly (stuck).
  3521 | D:4      | 3521 ||| Stepping randomly (stuck).
  3522 | D:4      | 3522 ||| Stepping randomly (stuck).
  3523 | D:4      | 3523 ||| Stepping randomly (stuck).
  3524 | D:4      | 3524 ||| Stepping randomly (stuck).
  3525 | D:4      | 3525 ||| Stepping randomly (stuck).
  3526 | D:4      | 3526 ||| Stepping randomly (stuck).
  3527 | D:4      | 3527 ||| Stepping randomly (stuck).
  3528 | D:4      | 3528 ||| Stepping randomly (stuck).
  3529 | D:4      | 3529 ||| Stepping randomly (stuck).
  3530 | D:4      | 3530 ||| Stepping randomly (stuck).
  3531 | D:4      | 3531 ||| Stepping randomly (stuck).
  3532 | D:4      | 3532 ||| Stepping randomly (stuck).
  3533 | D:4      | 3533 ||| Stepping randomly (stuck).
  3534 | D:4      | 3534 ||| Stepping randomly (stuck).
  3535 | D:4      | 3535 ||| Stepping randomly (stuck).
  3536 | D:4      | 3536 ||| Stepping randomly (stuck).
  3537 | D:4      | 3537 ||| Stepping randomly (stuck).
  3538 | D:4      | 3538 ||| Stepping randomly (stuck).
  3539 | D:4      | 3539 ||| Stepping randomly (stuck).
  3540 | D:4      | 3540 ||| Stepping randomly (stuck).
  3541 | D:4      | 3541 ||| Stepping randomly (stuck).
  3542 | D:4      | 3542 ||| Stepping randomly (stuck).
  3543 | D:4      | 3543 ||| Stepping randomly (stuck).
  3544 | D:4      | 3544 ||| Stepping randomly (stuck).
  3545 | D:4      | 3545 ||| Stepping randomly (stuck).
  3546 | D:4      | 3546 ||| Stepping randomly (stuck).
  3547 | D:4      | 3547 ||| Stepping randomly (stuck).
  3548 | D:4      | 3548 ||| Stepping randomly (stuck).
  3549 | D:4      | 3549 ||| Stepping randomly (stuck).
  3550 | D:4      | 3550 ||| Stepping randomly (stuck).
  3551 | D:4      | 3551 ||| Stepping randomly (stuck).
  3552 | D:4      | 3552 ||| Stepping randomly (stuck).
  3553 | D:4      | 3553 ||| Stepping randomly (stuck).
  3554 | D:4      | 3554 ||| Stepping randomly (stuck).
  3555 | D:4      | 3555 ||| Stepping randomly (stuck).
  3556 | D:4      | 3556 ||| Stepping randomly (stuck).
  3557 | D:4      | 3557 ||| Stepping randomly (stuck).
  3558 | D:4      | 3558 ||| Stepping randomly (stuck).
  3559 | D:4      | 3559 ||| Stepping randomly (stuck).
  3560 | D:4      | 3560 ||| Stepping randomly (stuck).
  3561 | D:4      | 3561 ||| Stepping randomly (stuck).
  3562 | D:4      | 3562 ||| Stepping randomly (stuck).
  3563 | D:4      | 3563 ||| Stepping randomly (stuck).
  3564 | D:4      | 3564 ||| Stepping randomly (stuck).
  3565 | D:4      | 3565 ||| Stepping randomly (stuck).
  3566 | D:4      | 3566 ||| Stepping randomly (stuck).
  3567 | D:4      | 3567 ||| Stepping randomly (stuck).
  3568 | D:4      | 3568 ||| Stepping randomly (stuck).
  3569 | D:4      | 3569 ||| Stepping randomly (stuck).
  3570 | D:4      | 3570 ||| Stepping randomly (stuck).
  3571 | D:4      | 3571 ||| Stepping randomly (stuck).
  3572 | D:4      | 3572 ||| Stepping randomly (stuck).
  3573 | D:4      | 3573 ||| Stepping randomly (stuck).
  3574 | D:4      | 3574 ||| Stepping randomly (stuck).
  3575 | D:4      | 3575 ||| Stepping randomly (stuck).
  3576 | D:4      | 3576 ||| Stepping randomly (stuck).
  3577 | D:4      | 3577 ||| Stepping randomly (stuck).
  3578 | D:4      | 3578 ||| Stepping randomly (stuck).
  3644 | D:4      | Reached skill level 1 in Dodging
  3644 | D:4      | Reached XP level 7. HP: 43/43 MP: 7/7
  3646 | D:4      | 3646 ||| Stepping ~*~*~tactically~*~*~ (hiding).
  3847 | D:4      | Identified the +2 robe "Irphuj" {+Blink rN+ Str+4 Stlth-}
  3854 | D:4      | Noticed Pikel
  3864 | D:4      | Killed Pikel
  3865 | D:4      | Reached skill level 8 in Axes
  3865 | D:4      | Reached XP level 8. HP: 48/48 MP: 8/8
  3960 | D:4      | 3960 ||| Stepping ~*~*~tactically~*~*~ (hiding).
  3969 | D:4      | Killed Menkaure
  4005 | D:4      | 4005 ||| DRINKING 2 fizzy dark potions.
  4005 | D:4      | Gained mutation: Your large and strong wings let you fly.
                  | [potion of mutation]
  4005 | D:4      | Gained mutation: You have a pair of small antennae on your
                  | head. [potion of mutation]
  4005 | D:4      | Gained mutation: You are partially covered in iridescent
                  | scales. (AC +2) [potion of mutation]
  4006 | D:4      | 4006 ||| DRINKING 2 silvery potions.
  4007 | D:4      | 4007 ||| READING 3 scrolls of identify.
  4007 | D:4      | 4007 ||| IDENTIFYING lumpy sapphire potion
  4008 | D:4      | 4008 ||| DROPPING potion of degeneration.
  4016 | Temple   | Entered the Ecumenical Temple
  4054 | Temple   | 4054 ||| PLANNING D:1-11
  4232 | D:5      | Entered Level 5 of the Dungeon
  4262 | D:5      | 4262 ||| Stepping ~*~*~tactically~*~*~ (stealth).
  4263 | D:5      | 4263 ||| Stepping ~*~*~tactically~*~*~ (stealth).
  4301 | D:5      | Noticed Grinder
  4302 | D:5      | 4302 ||| Stepping ~*~*~tactically~*~*~ (hiding).
  4303 | D:5      | 4303 ||| Stepping ~*~*~tactically~*~*~ (hiding).
  4309 | D:5      | Paralysed by Grinder for 4 turns
  4315 | D:5      | Killed Grinder
  4417 | D:5      | 4417 ||| FLEEEEING.
  4418 | D:5      | 4418 ||| Stepping ~*~*~tactically~*~*~ (stealth).
  4437 | D:5      | 4437 ||| Stepping ~*~*~tactically~*~*~ (stealth).
  4438 | D:5      | 4438 ||| Stepping ~*~*~tactically~*~*~ (stealth).
  4439 | D:5      | 4439 ||| Stepping ~*~*~tactically~*~*~ (stealth).
  4450 | D:5      | Reached skill level 6 in Fighting
  4577 | D:5      | 4577 ||| FLEEEEING.
  4578 | D:5      | 4578 ||| FLEEEEING.
  4579 | D:5      | 4579 ||| FLEEEEING.
  4581 | D:5      | 4581 ||| FLEEEEING.
  4584 | D:5      | 4584 ||| FLEEEEING.
  4585 | D:5      | 4585 ||| FLEEEEING.
  4588 | D:5      | 4588 ||| FLEEEEING.
  4589 | D:5      | 4589 ||| STAIRDANCE
  4613 | D:4      | 4613 ||| READING scroll labelled JURUMP GIUJAS.
  4614 | D:4      | 4614 ||| READING 2 scrolls labelled ZUITOU PEKHLO.
  4615 | D:4      | 4615 ||| READING scroll labelled TIECWU DUNIVYTH.
  4616 | D:4      | 4616 ||| DROPPING scroll of summoning.
  4876 | D:5      | Reached skill level 1 in Throwing
  4876 | D:5      | Reached XP level 9. HP: 52/55 MP: 9/9
  4961 | D:5      | 4961 ||| READING 2 scrolls of identify.
  4961 | D:5      | 4961 ||| IDENTIFYING fuming silvery potion
  4962 | D:5      | 4962 ||| DROPPING potion of magic.
  5052 | D:6      | Found an iron altar of Okawaru.
  5053 | D:6      | 5053 ||| PLANNING OKAWARU WORSHIP
  5058 | D:6      | Became a worshipper of Warmaster Okawaru
  5058 | D:6      | 5058 ||| PLANNING D:1-11
  5102 | D:6      | Reached skill level 9 in Axes
  5226 | D:6      | Found a snail-covered altar of Cheibriados.
  5227 | D:6      | 5227 ||| Stepping ~*~*~tactically~*~*~ (hiding).
  5229 | D:6      | 5229 ||| Stepping ~*~*~tactically~*~*~ (hiding).
  5230 | D:6      | 5230 ||| Stepping ~*~*~tactically~*~*~ (hiding).
  5231 | D:6      | 5231 ||| Stepping ~*~*~tactically~*~*~ (stealth).
  5260 | D:6      | 5260 ||| DROPPING +0 flail.
  5261 | D:6      | 5261 ||| DROPPING +0 flail of venom.
  5264 | D:6      | Found an ornate altar of the Wu Jian Council.
  5264 | D:6      | Found a blossoming altar of Fedhas.
  5278 | D:6      | Found a shimmering altar of Xom.
  5279 | D:6      | Found a bloodstained altar of Trog.
  5381 | D:6      | Found Icocrec's Overcharged Wands.
  5385 | D:6      | 5385 ||| SHOPLISTING wand of digging (11) (693 gold, have
                  | 444).
  5705 | D:6      | 5705 ||| UPGRADING to +0 pair of gloves.
  5710 | D:6      | 5710 ||| READING scroll labelled ESKEEB XOACYRI.
  5731 | D:7      | Found a glowing silver altar of Zin.
  5734 | D:7      | 5734 ||| Stepping ~*~*~tactically~*~*~ (stealth).
  5740 | D:7      | 5740 ||| FLEEEEING.
  5741 | D:7      | 5741 ||| FLEEEEING.
  5742 | D:7      | 5742 ||| STAIRDANCE
  5799 | D:7      | 5799 ||| Stepping ~*~*~tactically~*~*~ (stealth).
  5801 | D:7      | 5801 ||| Stepping ~*~*~tactically~*~*~ (stealth).
  5810 | D:7      | Reached * piety under Okawaru
  5816 | D:7      | 5816 ||| INVOKING Heroism.
  5824 | D:7      | Reached skill level 6 in Armour
  5855 | D:7      | Reached skill level 1 in Invocations
  5859 | D:7      | 5859 ||| DROPPING +4 whip.
  5939 | D:7      | 5939 ||| Stepping ~*~*~tactically~*~*~ (hiding).
  5940 | D:7      | 5940 ||| Stepping ~*~*~tactically~*~*~ (hiding).
  5959 | D:7      | Found a shadowy altar of Dithmenos.
  5977 | D:7      | 5977 ||| Stepping ~*~*~tactically~*~*~ (stealth).
  6456 | D:7      | 6456 ||| READING scroll labelled QODWOHIARO.
  6457 | D:7      | 6457 ||| READING scroll labelled MAKLEI ETRENK.
  6458 | D:7      | 6458 ||| READING scroll labelled KIMUHU QUSI.
  6497 | D:8      | 6497 ||| Stepping ~*~*~tactically~*~*~ (hiding).
  6566 | D:8      | 6566 ||| Stepping ~*~*~tactically~*~*~ (stealth).
  6687 | D:8      | Found an ancient bone altar of Kikubaaqudgha.
  6687 | D:8      | Noticed Joseph
  6688 | D:8      | 6688 ||| Stepping ~*~*~tactically~*~*~ (hiding).
  6696 | D:8      | Killed Joseph
  6697 | D:8      | Reached skill level 3 in Invocations
  6739 | D:8      | Noticed Psyche
  6740 | D:8      | 6740 ||| INVOKING Heroism.
  6747 | D:8      | Killed Psyche
  6748 | D:8      | Reached XP level 10. HP: 63/63 MP: 9/13
  6877 | D:8      | Noticed an orange demon
  6878 | D:8      | Reached skill level 10 in Axes
  6878 | D:8      | 6878 ||| Stepping ~*~*~tactically~*~*~ (hiding).
  6893 | D:8      | Noticed Amaemon
  6894 | D:8      | 6894 ||| INVOKING Heroism.
  6902 | D:8      | Killed an orange demon
  6909 | D:8      | Killed Amaemon
  6966 | D:8      | 6966 ||| DROPPING +3 flail.
  7139 | D:8      | 7139 ||| INVOKING Heroism.
  7222 | D:8      | 7222 ||| Stepping ~*~*~tactically~*~*~ (hiding).
  7224 | D:8      | 7224 ||| Stepping ~*~*~tactically~*~*~ (hiding).
  7225 | D:8      | 7225 ||| Stepping ~*~*~tactically~*~*~ (hiding).
  7231 | D:8      | Noticed Erica
  7235 | D:8      | 7235 ||| INVOKING Heroism.
  7242 | D:8      | Killed Erica
  7242 | D:8      | Reached ** piety under Okawaru
  7396 | D:8      | Found a staircase to the Lair.
  7482 | D:8      | Found a hazy altar of Hepliaklqana.
  7487 | D:8      | 7487 ||| PLANNING LAIR
  7487 | D:8      | 7487 ||| UPGRADING to +4 ring of slaying {mikee}.
  7489 | D:8      | 7489 ||| READING 3 scrolls of identify.
  7489 | D:8      | 7489 ||| IDENTIFYING golden potion
  7490 | D:8      | 7490 ||| READING 2 scrolls of identify.
  7490 | D:8      | 7490 ||| IDENTIFYING sapphire potion
  7491 | D:8      | 7491 ||| DROPPING potion of berserk rage.
  7561 | Lair:1   | Entered Level 1 of the Lair of Beasts
  7640 | Lair:1   | Noticed an elephant
  7641 | Lair:1   | Noticed an elephant
  7644 | Lair:1   | Noticed an elephant
  7645 | Lair:1   | Noticed an elephant
  7650 | Lair:1   | Killed an elephant
  7653 | Lair:1   | Killed an elephant
  7655 | Lair:1   | Killed an elephant
  7656 | Lair:1   | Reached skill level 11 in Axes
  7657 | Lair:1   | 7657 ||| INVOKING Heroism.
  7659 | Lair:1   | Killed an elephant
  7659 | Lair:1   | Reached *** piety under Okawaru
  7660 | Lair:1   | Reached XP level 11. HP: 40/69 MP: 11/14
  7844 | Lair:1   | 7844 ||| Stepping ~*~*~tactically~*~*~ (stealth).
  7846 | Lair:1   | 7846 ||| INVOKING Heroism.
  7853 | Lair:1   | Reached skill level 9 in Fighting
  7879 | Lair:1   | 7879 ||| Stepping ~*~*~tactically~*~*~ (stealth).
  7881 | Lair:1   | 7881 ||| INVOKING Heroism.
  7912 | Lair:1   | 7912 ||| INVOKING Heroism.
  8129 | Lair:1   | 8129 ||| UPGRADING to +0 cloak.
  8297 | Lair:2   | 8297 ||| INVOKING Heroism.
  8298 | Lair:2   | 8298 ||| Stepping ~*~*~tactically~*~*~ (stealth).
  8314 | Lair:2   | 8314 ||| INVOKING Heroism.
  8462 | Lair:2   | 8462 ||| INVOKING Heroism.
  8476 | Lair:2   | Reached skill level 12 in Axes
  8480 | Lair:2   | 8480 ||| INVOKING Heroism.
  8536 | Lair:2   | 8536 ||| Stepping ~*~*~tactically~*~*~ (stealth).
  8538 | Lair:2   | 8538 ||| Stepping ~*~*~tactically~*~*~ (stealth).
  8540 | Lair:2   | 8540 ||| INVOKING Heroism.
  8541 | Lair:2   | 8541 ||| Stepping ~*~*~tactically~*~*~ (stealth).
  8577 | Lair:2   | 8577 ||| Stepping ~*~*~tactically~*~*~ (hiding).
  8582 | Lair:2   | Reached **** piety under Okawaru
  8583 | Lair:2   | Reached skill level 9 in Armour
  8773 | Lair:2   | Reached skill level 6 in Shields
  8962 | Lair:2   | 8962 ||| Stepping ~*~*~tactically~*~*~ (stealth).
  8996 | Lair:2   | 8996 ||| INVOKING Heroism.
  9222 | Lair:2   | Found a hole to the Spider Nest.
  9229 | Lair:2   | Reached XP level 12. HP: 68/77 MP: 16/16
  9352 | Lair:2   | 9352 ||| READING scroll labelled DAGETSIPRI.
  9489 | Lair:3   | 9489 ||| INVOKING Heroism.
  9556 | Lair:3   | 9556 ||| Stepping ~*~*~tactically~*~*~ (stealth).
  9558 | Lair:3   | 9558 ||| INVOKING Heroism.
  9564 | Lair:3   | Reached skill level 6 in Invocations
  9569 | Lair:3   | Received a gift from Okawaru
  9613 | Lair:3   | 9613 ||| Stepping ~*~*~tactically~*~*~ (hiding).
  9749 | Lair:3   | Identified the +0 ring mail of Want {Harm MP-9 Dex+6}
 10017 | Lair:3   | Found a staircase to the Swamp.
 10247 | Lair:3   | Reached ***** piety under Okawaru
 10475 | Lair:3   | 10475 ||| DROPPING ring of wizardry.
 10476 | Lair:3   | 10476 ||| READING 3 scrolls labelled JAGILU LOOF.
 10577 | Lair:3   | 10577 ||| READING 4 scrolls of identify.
 10577 | Lair:3   | 10577 ||| IDENTIFYING black potion
 10578 | Lair:3   | 10578 ||| DROPPING potion of ambrosia.
 10579 | Lair:3   | 10579 ||| DROPPING 2 scrolls of silence.
 10624 | Lair:4   | 10624 ||| READING scroll of enchant armour.
 10624 | Lair:4   | 10624 ||| ENCHANTING +0 pair of gloves.
 10908 | Lair:4   | 10908 ||| Stepping ~*~*~tactically~*~*~ (stealth).
 10909 | Lair:4   | 10909 ||| INVOKING Heroism.
 10980 | Lair:4   | Found a viscous altar of Jiyva.
 10980 | Lair:4   | Found a staircase to the Slime Pits.
 11026 | Lair:4   | 11026 ||| INVOKING Heroism.
 11095 | Lair:4   | 11095 ||| Stepping ~*~*~tactically~*~*~ (stealth).
 11096 | Lair:4   | 11096 ||| Stepping ~*~*~tactically~*~*~ (stealth).
 11097 | Lair:4   | 11097 ||| INVOKING Heroism.
 11459 | Lair:4   | 11459 ||| Stepping ~*~*~tactically~*~*~ (stealth).
 11462 | Lair:4   | Identified the +1 pair of boots of the Volcano {rN+++ rCorr
                  | Int-3 SInv} (Okawaru gifted it to you on level 4 of the
                  | Lair of Beasts)
 11462 | Lair:4   | Received a gift from Okawaru
 11648 | Lair:4   | 11648 ||| UPGRADING to +1 pair of boots of the Volcano
                  | {rN+++ rCorr Int-3 SInv}.
 11658 | Lair:4   | 11658 ||| DROPPING +0 pair of boots.
 11681 | Lair:5   | Entered Level 5 of the Lair of Beasts
 11690 | Lair:5   | 11690 ||| INVOKING Heroism.
 11698 | Lair:5   | Reached skill level 13 in Axes
 11730 | Lair:5   | Reached skill level 9 in Invocations
 11842 | Lair:5   | 11842 ||| INVOKING Heroism.
 11907 | Lair:5   | 11907 ||| INVOKING Heroism.
 11907 | Lair:5   | Noticed a skyshark
 11909 | Lair:5   | Noticed a five-headed hydra
 11912 | Lair:5   | Reached XP level 13. HP: 79/82 MP: 17/20
 11915 | Lair:5   | 11915 ||| SWAPPING to +1 demon whip of venom.
 11928 | Lair:5   | HP: 17/82 [five-headed hydra (5)]
 11928 | Lair:5   | HP: 4/82 [skyshark (5)]
 11929 | Lair:5   | 11929 ||| READING 5 scrolls of teleportation.
 11929 | Lair:5   | Slain by a five-headed hydra

Levels and vault maps discovered:
D:1:      amcnicky_arrival_blooded_trapdoor, layout_basic,
          hellmonk_ecumenical_altar_crossroads, serial_bayou_crossing
D:2:      layout_rooms, serial_shops, nicolae_shop_overgrown_old_shop,
          roderic_lattice_a
D:3:      layout_basic, serial_park_tiny_1
D:4:      layout_basic, minmay_temple_entry_mini_moons, kennysheep_dice,
          uniq_duvessa, uniq_ijyb, uniq_pikel, uniq_menkaure
D:5:      layout_rooms, nicolae_nh_ransacked_shop, uniq_grinder
D:6:      layout_loops_ring, grunt_temple_overflow_open, okawaru_gym_becter,
          nicolae_shop_overcharged_wands
D:7:      layout_basic, lemuel_doored_altar,
          mainiacjoe_overflow_concentric_impassable
D:8:      layout_basic, mainiacjoe_overflow_alcove_1,
          nicolae_hepliaklqana_hippocampus, lair_entry_dummy, uniq_joseph,
          uniq_psyche, uniq_erica, uniq_amaemon
Temple:   pdpol_scorched_temple
Lair:1:   layout_hall_layers, grunt_megastairs_2, infiniplex_staircase_pool
Lair:2:   layout_cave_pods, spider_nest_entry_funnel_web
Lair:3:   layout_hall_layers, minmay_swamp_entry_swarm,
          portal_ice_cave_demonic_guard
Lair:4:   layout_layer_cave, minmay_slime_entry_pillars
Lair:5:   minmay_lair_end_frog_pond, layout_cave_shapes,
          infiniplex_staircase_pool_2

Skill      XL: |  1  2  3  4  5  6  7  8  9 10 11 12 13 |
---------------+----------------------------------------+-----
Axes           | 2 3 4 5 6 8 9 11 12 13 | 13.2
Fighting       | 4 6 7 8 9 10 | 10.0
Dodging        | 1 2 |  2.3
Armour         | 5 6 7 9 10 | 10.0
Throwing       | 1 2 |  2.0
Shields        | 4 5 6 |  6.1
Invocations    | 4 5 9 10 | 10.0

Action                     |  1- 3 |  4- 6 |  7- 9 | 10-12 | 13-15 || total
---------------------------+-------+-------+-------+-------+-------++-------
  Melee: War axe           |    88 |    77 |   192 |   252 |     3 ||   612
         Demon whip        |       |       |       |       |    13 ||    13
  Throw: Boomerang         |    22 |    43 |    41 |    90 |       ||   196
         Javelin           |       |       |       |     5 |       ||     5
 Invoke: Heroism           |       |       |     2 |    21 |       ||    23
    Use: Scroll            |     4 |     3 |     9 |     6 |     1 ||    23
         Potion            |     1 |     1 |     2 |       |       ||     4
   Stab: Distracted        |       |       |     1 |     1 |       ||     2
 Armour: Scale mail        |    43 |       |       |       |       ||    43
         Chain mail        |     3 |    28 |       |       |       ||    31
         Plate armour      |       |     2 |    79 |    95 |    52 ||   228
  Dodge: Dodged            |    35 |    21 |    46 |    75 |    19 ||   196
  Block: Buckler           |    13 |    16 |    25 |    24 |    13 ||    91

Table legend:
 A = Non-vault XP
 B = Vault XP
 C = Vault XP percentage of total XP
 D = Non-vault monster count
 E = Vault monster count
 F = Vault count percentage of total count
                 A         B        C        D         E       F
            +---------+---------+-------+---------+---------+-------
      Total |   22055 |   11446 |  34.2 |     232 |      47 |  16.8
            +---------+---------+-------+---------+---------+-------
        D:1 |      34 |       0 |   0.0 |      18 |       0 |   0.0
        D:2 |      30 |       0 |   0.0 |      12 |       0 |   0.0
        D:3 |     112 |       0 |   0.0 |      21 |       0 |   0.0
        D:4 |     299 |    1054 |  77.9 |      30 |       5 |  14.3
        D:5 |     533 |     377 |  41.4 |      10 |       6 |  37.5
        D:6 |     718 |       0 |   0.0 |      19 |       0 |   0.0
        D:7 |     898 |       0 |   0.0 |      29 |       0 |   0.0
        D:8 |     604 |    2891 |  82.7 |      17 |       5 |  22.7
     Lair:1 |    2559 |    1348 |  34.5 |       7 |       5 |  41.7
     Lair:2 |    6222 |     768 |  11.0 |      28 |       4 |  12.5
     Lair:3 |    2808 |    1720 |  38.0 |      13 |       8 |  38.1
     Lair:4 |    3220 |     551 |  14.6 |      12 |       4 |  25.0
     Lair:5 |    4018 |    2737 |  40.5 |      16 |      10 |  38.5
            +---------+---------+-------+---------+---------+-------
